 Dungeon Crawl Stone Soup version 0.31-a0-1074-g0b22e4e0f1 (webtiles) character file.

Game seed: 11678200957480700972

189 Iich the Ruffian (level 5, -3/44 HPs)
             Began as a Demonspawn Shapeshifter on Dec 5, 2023.
             Slain by Duvessa
             ... wielding a +0 short sword of holy wrath
              (7 damage)
             ... on level 4 of the Dungeon.
             The game lasted 00:06:37 (2164 turns).

Iich the Ruffian (Demonspawn Shapeshifter)          Turns: 2164, Time: 00:06:38

Health: -3/44      AC: 13    Str: 16    XL:     5   Next: 40%
Magic:  14/14      EV: 10    Int:  9    God:
Gold:   81         SH:  0    Dex: 13    Spells: 4/4 levels left

rFire   . . .        o - +1 broad axe
rCold   . . .        (no shield)
rNeg    . . .        n - +7 scale mail of Darkness {MP+9}
rPois   .            (helmet currently unavailable)
rElec   .            (cloak currently unavailable)
rCorr   .            (gloves currently unavailable)
SInv    .            (boots currently unavailable)
Will    .....        (no amulet) Stlth
                     (no ring)
HPRegen 0.27/turn    (no ring)
MPRegen 0.14/turn

%: no passive effects
@: lit by a corona, about to teleport, beast-form, glowing
A: beast (slay +1), antennae 1, powered by death 1, dopey 1, robust 1
a: Begin Untransformation


You were on level 4 of the Dungeon.
You were a hulking beast.
You visited 1 branch of the dungeon, and saw 4 of its levels.

You collected 81 gold pieces.

Inventory:

Hand Weapons
 o - a +1 broad axe (weapon)
Armour
 j - a +0 chain mail
 n - the +7 scale mail of Darkness (worn) {MP+9}
   (You found it on level 3 of the Dungeon)

   MP+9:      It affects your magic capacity (+9).
 r - a scarf of repulsion
Talismans
 c - a beast talisman (active)
 d - a flux talisman
Scrolls
 f - a scroll of enchant weapon
 h - a scroll of immolation
 q - a scroll of revelation
Potions
 a - a potion of curing {unknown}
 b - a potion of lignification
 e - a potion of cancellation
 k - a potion of ambrosia
 m - a potion of mutation
 p - a potion of resistance {unknown}


   Skills:
 + Level 2.9 Fighting
 * Level 2.9 Axes
 - Level 2.3 Dodging
 - Level 3.0 Unarmed Combat
 - Level 3.0 Shapeshifting


You had 4 spell levels left.
You didn't know any spells.
Your spell library contained the following spells:

 Spells                   Type           Power      Damage    Failure   Level
 Scorch                   Fire           0%         2d5       93%         2
 Flame Wave               Conj/Fire      0%         2d4       100%        4
 Summon Cactus Giant      Summ           0%         N/A       100%        6


Dungeon Overview and Level Annotations

Branches:
Dungeon (4/15)
 Temple: D:4-7

Altars:

Annotations:
D:4 Duvessa


Innate Abilities, Weirdness & Mutations

You are a hulking beast.
Your limbs bulge with bestial killing power. (Slay +1)
You have a pair of small antennae on your head.
You regenerate a little health from kills.
You are dopey. (Int -2)
You are robust. (+10% HP)


Message History

Okay, then.
You hit Dowan.
You kill Dowan!
Duvessa screams, "No!
How DARE you!"
Duvessa goes berserk!
You closely miss Duvessa.
Duvessa hits you with a +0 short sword of holy wrath!
* * * LOW HITPOINT WARNING * * *
You convulse.
* * * LOW HITPOINT WARNING * * *
Duvessa hits you with a +0 short sword of holy wrath.
* * * LOW HITPOINT WARNING * * *
You convulse.
* * * LOW HITPOINT WARNING * * *
You take 19 damage, and have 11/44 hp. !!!!--MASSIVE DAMAGE--!!!!
Read: scroll of summoning
Press: ? - help, Q - select action, (/) - cycle Dir - look around, f - activate Look: Duvessa, wielding a +0 short sword of holy wrath and wearing a +0 chain mail (moderately wounded, berserk)
As you read the scroll of summoning, it crumbles to dust.
Wisps of shadow whirl around you... Duvessa hits you but does no damage.
Duvessa closely misses you.
You swap places.
Duvessa misses your adder.
Your adder closely misses Duvessa.
Something hits your adder!
Your adder bites Duvessa.
Duvessa is poisoned.
Your adder poisons Duvessa!
Duvessa closely misses your adder.
Your adder bites Duvessa.
Duvessa misses your adder.
Your worm barely misses Duvessa.
Your adder barely misses Duvessa.
Duvessa hits your adder with a +0 short sword of holy wrath!
Your adder dies!
Your adder's corpse dissolves into shadows!
Duvessa shouts!
Your worm bites Duvessa but does no damage.
As you read the scroll of teleportation, it crumbles to dust.
You feel strangely unstable.
Duvessa hits you with a +0 short sword of holy wrath.
* * * LOW HITPOINT WARNING * * *
You convulse.
* * * LOW HITPOINT WARNING * * *
You take 9 damage, and have 4/44 hp. !!!!--MASSIVE DAMAGE--!!!!
Duvessa hits you with a +0 short sword of holy wrath!
You die...

#.#.#.#
#.#.#.#
#...#.#
###
######.#
..#
#..†...#
#.#
#.######
#.# #.#
#.# #.#
#.####h#
#)w..e.#
#.######
###


You could see Duvessa (berserk, very poisoned, ally target) and a friendly worm
(summoned).

Vanquished Creatures
  Dowan (D:4)
  An orc wizard (D:3)
  A gnoll (D:1)
  3 adders
  2 worms
  2 dart slugs
  6 orcs
  6 endoplasms
  2 giant cockroaches
  6 goblins
  4 hobgoblins
  2 jackals (D:3)
  A quokka (D:2)
  8 ball pythons
  5 bats
  5 frilled lizards
  4 kobolds
  7 rats
66 creatures vanquished.

Notes
Turn   | Place    | Note
-------+----------+-------------------------------------------
     0 | D:1      | Iich the Demonspawn Shapeshifter began the quest for the
                  | Orb.
     0 | D:1      | Reached XP level 1. HP: 15/15 MP: 1/1
   173 | D:1      | Gained mutation: You have a pair of small antennae on your
                  | head. [demonic ancestry]
   173 | D:1      | Reached XP level 2. HP: 15/21 MP: 2/2
   597 | D:2      | Reached XP level 3. HP: 26/26 MP: 3/3
   840 | D:2      | Reached skill level 1 in Axes
  1080 | D:2      | Reached XP level 4. HP: 29/33 MP: 4/4
  1356 | D:3      | Found a faded altar of an unknown god.
  1686 | D:3      | Identified the +7 scale mail of Darkness {MP+9}
  1827 | D:3      | Gained mutation: You are dopey. (Int -2) [potion of
                  | mutation]
  1827 | D:3      | Gained mutation: You are robust. (+10% HP) [potion of
                  | mutation]
  2065 | D:4      | Gained mutation: You regenerate a little health from kills.
                  | [demonic ancestry]
  2065 | D:4      | Reached XP level 5. HP: 42/42 MP: 5/5
  2144 | D:4      | Noticed Duvessa
  2144 | D:4      | Noticed Dowan
  2155 | D:4      | Killed Dowan
  2164 | D:4      | Slain by Duvessa

Illustrated notes

Levels and vault maps discovered:
D:1:      wander_arrival_estate, layout_rooms, nicolae_grassy_gnolls
D:2:      layout_rooms, nicolae_eternal_life, st_stairs_11
D:3:      layout_basic, basic_ecumenical_altar, minmay_bisected
D:4:      layout_basic, ebering_ghost_sewer_f, uniq_edmund, uniq_duvessa,
          uniq_eustachio

Skill      XL: |  1  2  3  4 |
---------------+-------------+-----
Dodging        | 2 |  2.3
Unarmed Combat | 3 |  3.0
Shapeshifting  | 3 |  3.0
Fighting       | 2 |  2.9
Axes           | 1 2 |  2.9

Action                     |  1- 3 |  4- 6 || total
---------------------------+-------+-------++-------
  Melee: Unarmed           |    57 |       ||    57
         Broad axe         |    53 |    85 ||   138
         Punch             |     1 |     1 ||     2
    Use: Scroll            |     5 |     4 ||     9
         Potion            |     1 |     2 ||     3
 Armour: Animal skin       |    17 |       ||    17
         Scale mail        |    67 |    35 ||   102
         Ring mail         |     1 |       ||     1
         Chain mail        |       |    55 ||    55
  Dodge: Dodged            |    62 |    43 ||   105
   Form: Beast             |     2 |       ||     2
                           |     1 |       ||     1

Table legend: (Time is in decaauts)
 A = Elapsed time spent in this place.
 B = Non-inter-level travel time spent in this place.
 C = Inter-level travel time spent in this place.
 D = Time resting spent in this place.
 E = Time spent auto-exploring this place.
 F = Levels seen in this place.
 G = Mean time per level.
                   A        B        C        D        E       F      G
               +--------+--------+--------+--------+--------+-----+--------+
         Total |   2232 |   2163 |     69 |      0 |   1575 |   4 |  558.0 |
       Dungeon |   2232 |   2163 |     69 |      0 |   1575 |   4 |  558.0 |
               +--------+--------+--------+--------+--------+-----+--------+

Top non-repeatable levels by time:
     D:3: 774 daAuts
     D:2: 734 daAuts
     D:1: 590 daAuts
     D:4: 133 daAuts
